 Dungeon Crawl Stone Soup version 0.21.1-1-g345015f (webtiles) character file.

12 tidbits the Sneak (level 2, -1/20 HPs)
             Began as a Gnoll Enchanter on June 19, 2018.
             Slain by Duvessa
             ... wielding a +0 short sword
              (9 damage)
             ... on level 5 of the Dungeon.
             The game lasted 00:03:12 (316 turns).

tidbits the Sneak (Gnoll Enchanter)                  Turns: 316, Time: 00:03:13

Health: -1/20      AC:  2    Str: 10    XL:     2   Next: 33%
Magic:  13/16      EV: 14    Int: 17    God:
Gold:   38         SH:  0    Dex: 15    Spells: 7/10 levels left

rFire    . . .     SeeInvis .   a - +1 dagger
rCold    . . .     Gourm    .   (no shield)
rNeg     . . .     Faith    .   b - +0 robe
rPois    .         Spirit   .   (no helmet)
rElec    .         Reflect  .   (no cloak)
rCorr    .         Harm     .   (no gloves)
MR       .....                  (no boots)
Stlth    +++.......             R - amulet of regeneration
HPRegen  0.46/turn              i - ring of magical power
MPRegen  0.15/turn              (no ring)

@: no status effects
A: distributed training, fangs 1, strong nose
a: no special abilities


You were on level 5 of the Dungeon.
You were not hungry.

You visited 1 branch of the dungeon, and saw 5 of its levels.

You collected 38 gold pieces.

Inventory:

Hand Weapons
 a - a +1 dagger (weapon)
 f - a +0 rapier
Armour
 b - a +0 robe (worn)
 D - a +0 buckler
Jewellery
 i - a ring of magical power (left hand)
   (You found it on level 3 of the Dungeon)
 R - an amulet of regeneration (around neck)
   (You found it on level 2 of the Dungeon)
Scrolls
 g - a scroll of enchant armour {unknown}
 h - 5 scrolls of identify {unknown}
 j - a scroll of teleportation {unknown}
Potions
 e - a potion of mutation {unknown}
Books
 c - a book of Maledictions

   Spells                             Type                      Level
   a - Corona                         Hexes                        1
   b - Ensorcelled Hibernation        Hexes/Ice                    2
   c - Confuse                        Hexes                        3
   d - Tukima's Dance                 Hexes                        3
   e - Dazzling Spray                 Conjuration/Hexes            3
Comestibles
 d - 3 rations


   Skills:
 + Level 0.3 Fighting
 + Level 2.4 Short Blades
 + Level 0.3 Long Blades
 + Level 0.3 Axes
 + Level 0.3 Maces & Flails
 + Level 0.3 Polearms
 + Level 0.3 Staves
 + Level 0.3 Slings
 + Level 0.3 Bows
 + Level 0.3 Crossbows
 + Level 0.3 Throwing
 + Level 0.3 Armour
 + Level 4.4 Dodging
 + Level 5.9 Stealth
 + Level 0.3 Shields
 + Level 0.3 Unarmed Combat
 + Level 4.9 Spellcasting
 + Level 0.2 Conjurations
 + Level 5.3 Hexes
 + Level 0.2 Charms
 + Level 0.2 Summonings
 + Level 0.2 Necromancy
 + Level 0.2 Translocations
 + Level 0.2 Transmutations
 + Level 0.2 Fire Magic
 + Level 0.2 Ice Magic
 + Level 0.2 Air Magic
 + Level 0.2 Earth Magic
 + Level 0.2 Poison Magic
 + Level 0.4 Invocations
 + Level 0.3 Evocations


You had 7 spell levels left.
You knew the following spells:

 Your Spells              Type           Power        Failure   Level  Hunger
a - Corona                Hex            ###....      1%          1    None
e - Ensorcelled Hibernat  Hex/Ice        ##....       7%          2    #......


Dungeon Overview and Level Annotations

Branches:
Dungeon (5/15)
 Temple: D:4-7

Altars:

Annotations:
D:5 Dowan, Duvessa


Innate Abilities, Weirdness & Mutations

Your experience applies equally to all skills.
You have very sharp teeth.
Your uncanny sense of smell can sniff out nearby items.


Message History

You impale the giant cockroach!!
You kill the giant cockroach!
You have reached level 2!
Memorise Ensorcelled Hibernation, consuming 2 spell levels and leaving 7?
You start memorising the spell.
You continue memorising. x2
You finish memorising.
Spell assigned to 'e'.
The dart slug bites you but does no damage.
Casting: Corona
Confirm with . or Enter, or press ? or * to list all spells.
Aiming: Ensorcelled Hibernation
Press: ? - help, Shift-Dir - straight line, f - dart slug
Aim: a dart slug (clinging, chance to defeat MR: 62%)
The dart slug looks drowsy...
The helpless dart slug fails to defend itself.
You impale the dart slug!!
You kill the dart slug!
You see here a scroll labeled BASIRR KEFOZAI.
h - 3 scrolls labeled BASIRR KEFOZAI (gained 1)
Found a scale mail.
You see here 15 gold pieces.
You now have 27 gold pieces (gained 15).
Found a stone staircase leading up.
There is a stone staircase leading up here.
You climb upwards.
There is a stone staircase leading down here.
Unknown command.
You climb downwards.
There is a stone staircase leading up here.
Unknown command.
A leopard gecko comes into view.
Found a scroll labeled BASIRR KEFOZAI.
You see here a scroll labeled BASIRR KEFOZAI.
h - 4 scrolls labeled BASIRR KEFOZAI (gained 1)
Found a scroll labeled OJUFFOKHULI.
You see here a scroll labeled OJUFFOKHULI.
j - a scroll labeled OJUFFOKHULI
Found 11 gold pieces.
The leopard gecko hisses angrily.
The leopard gecko hisses menacingly.
Casting: Ensorcelled Hibernation
Confirm with . or Enter, or press ? or * to list all spells.
Aiming: Ensorcelled Hibernation
Press: ? - help, Shift-Dir - straight line, f - leopard gecko
Aim: a leopard gecko (clinging, chance to defeat MR: 62%)
The leopard gecko looks drowsy...
The helpless leopard gecko fails to defend itself.
You impale the leopard gecko!!
You kill the leopard gecko!
You see here 11 gold pieces.
You now have 38 gold pieces (gained 11).
Found a stone staircase leading down.
There is a stone staircase leading down here.
You climb downwards.
Duvessa, Sister of Dowan comes into view.
She is wielding a short sword.
Found a scroll labeled BASIRR KEFOZAI.
There is a stone staircase leading up here.
Unknown command.
You see here a scroll labeled BASIRR KEFOZAI.
h - 5 scrolls labeled BASIRR KEFOZAI (gained 1) Dowan, Brother of Duvessa comes into view.
He is wielding a dagger of electrocution.
Duvessa shouts!
Dowan shouts!
Dowan points at Duvessa and mumbles some strange words.
Duvessa seems to speed up.
Found a papyrus book.
Casting: Ensorcelled Hibernation
Confirm with . or Enter, or press ? or * to list all spells.
Aiming: Ensorcelled Hibernation
Press: ? - help, Shift-Dir - straight line, f - Duvessa
Aim: Duvessa, wielding a short sword and wearing a scale mail (fast, chance to defeat MR: 27%) Duvessa looks drowsy...
Unknown command.
The helpless Duvessa fails to defend herself.
You impale Duvessa!!
Duvessa is almost dead.
Duvessa closely misses you. Duvessa hits you but does no damage.
Press: ? - help, v - describe, . - travel
Here: Dowan, wielding a dagger of electrocution and wearing a robe The floor.
Unknown command.
Casting: Ensorcelled Hibernation
Confirm with . or Enter, or press ? or * to list all spells.
You don't know that spell.
Casting: Ensorcelled Hibernation
Confirm with . or Enter, or press ? or * to list all spells.
Aiming: Corona
Press: ? - help, Shift-Dir - straight line, f/p - Duvessa
Aim: Duvessa, wielding a short sword and wearing a scale mail (almost dead, fast, chance to defeat MR: 44%) Duvessa is outlined in light.
Duvessa hits you with a short sword!
You hit Duvessa but do no damage.
Duvessa is almost dead.
Duvessa barely misses you.
You hit Duvessa but do no damage. You bite Duvessa, but do no damage.
Duvessa is almost dead.
Duvessa hits you with a short sword.
* * * LOW HITPOINT WARNING * * *
Duvessa barely misses you.
You hit Duvessa but do no damage. You bite Duvessa, but do no damage.
Duvessa is almost dead.
Duvessa hits you with a short sword!
You die...

.. ∆
#########.###
..:.....#...
#@#e.# #e#e.#
#e#..#
########.#..#####
.................
########<#.......
........#.####..
........#..
........####


You could see Duvessa and Dowan.

Vanquished Creatures
  A dart slug (D:4)
  A leopard gecko (D:4)
  3 bats
  A giant cockroach (D:4)
  A goblin (D:3)
  A kobold (D:2)
8 creatures vanquished.

Notes
Turn   | Place    | Note
-------+----------+-------------------------------------------
     0 | D:1      | tidbits the Gnoll Enchanter began the quest for the Orb.
     0 | D:1      | Reached XP level 1. HP: 13/13 MP: 6/6
   220 | D:4      | Reached XP level 2. HP: 19/19 MP: 7/7
   224 | D:4      | Learned a level 2 spell: Ensorcelled Hibernation
   300 | D:5      | Entered Level 5 of the Dungeon
   300 | D:5      | Noticed Duvessa
   306 | D:5      | Noticed Dowan
   316 | D:5      | Slain by Duvessa

Action                   || total
-------------------------++-------
Melee: Dagger            ||    24
       Bite              ||     2
 Cast: Corona            ||     5
       Ensorcelled Hiber ||     3
 Stab: Sleeping          ||     4
Armor: Robe              ||     3
Dodge: Dodged            ||    22

Table legend:
 A = Turns spent in this place as a percentage of turns spent in the entire game.
 B = Non-inter-level travel turns spent in this place as a percentage of non-inter-level travel turns spent in the entire game.
 C = Inter-level travel turns spent in this place as a percentage of turns spent in this place.
 D = Turns resting spent in this place as a percentage of non-inter-level travel turns spent in this place.
 E = Turns spent auto-exploring this place as a percentage of non-inter-level travel turns spent in this place.
 F = Non-inter-level travel turns spent in this place divided by the number of levels of this place that you've seen.
                   A       B       C       D       E      F
               +-------+-------+-------+-------+-------+----------------------
         Total | 100.0 | 100.0 |   0.0 |   0.0 |   0.0 |  63.2
       Dungeon | 100.0 | 100.0 |   0.0 |   0.0 |   0.0 |  63.2
               +-------+-------+-------+-------+-------+----------------------

Table legend:
 A = Kills in this place as a percentage of kills in entire the game.
 B = Kills by you in this place as a percentage of kills by you in the entire game.
 C = Kills by friends in this place as a percentage of kills by friends in the entire game.
 D = Other kills in this place as a percentage of other kills in the entire game.
 E = Experience gained in this place as a percentage of experience gained in the entire game.
 F = Experience gained in this place divided by the number of levels of this place that you have seen.
                   A       B       C       D       E      F
               +-------+-------+-------+-------+-------+----------------------
         Total | 100.0 | 100.0 |   N/A |   N/A | 100.0 |   3.6
       Dungeon | 100.0 | 100.0 |   N/A |   N/A | 100.0 |   3.6
               +-------+-------+-------+-------+-------+----------------------

Vault maps used:
D:1:      dpeg_arrival_water_fire, minmay_pentomino_w4
D:2:      dk_vineyard_2, uniq_sigmund, uniq_terence
D:4:      grunt_temple_overflow_holy_war, grunt_decor_mini_mirrors
D:5:      minmay_temple_entry_statues, first_ration, uniq_duvessa
